 Dungeon Crawl Stone Soup version 0.23.2-1-ga50397a6bc (webtiles) character file.

Game seed: 17317337072249784322

4125 Mrkan the Cleaver (level 10, -12/84 HPs)
             Began as a Hill Orc Fighter on May 22, 2019.
             Was a Priest of Beogh.
             Mangled by a two-headed ogre
             ... wielding a +0 giant club
              (14 damage)
             ... on level 8 of the Dungeon.
             The game lasted 00:14:47 (6235 turns).

Mrkan the Cleaver (Hill Orc Fighter)                Turns: 6235, Time: 00:14:48

Health: -12/84     AC:  9    Str: 21    XL:     10   Next: 27%
Magic:  7/10       EV: 13    Int:  8    God:    Beogh [***...]
Gold:   371        SH: 12    Dex: 12    Spells: 9/9 levels left

rFire    . . .     SeeInvis .   a - +1 war axe
rCold    . . .     Gourm    .   c - +0 shield
rNeg     . . .     Faith    .   b - +0 scale mail
rPois    +         Spirit   .   s - +0 helmet
rElec    .         Reflect  .   (no cloak)
rCorr    .         Harm     .   l - +0 pair of gloves
MR       .....                  (no boots)
Stlth    ..........             (no amulet)
HPRegen  0.24/turn              q - +5 ring of evasion
MPRegen  0.12/turn              y - ring of poison resistance

@: no status effects
A: no striking features
a: Smiting, Renounce Religion


You were on level 8 of the Dungeon.
You worshipped Beogh.
Beogh was most pleased with you.
You were not hungry.

You visited 1 branch of the dungeon, and saw 8 of its levels.

You collected 371 gold pieces.

Inventory:

Hand Weapons
 a - a +1 war axe (weapon)
 w - the cursed +1 mace "Ucybb" {elec, +Rage rElec Str+3 Dex-3 Stlth+}
   (You found it on level 5 of the Dungeon)

   Occasionally, upon striking a foe, it will discharge some electrical energy
   and cause terrible harm.
   It affects your strength (+3).
   It affects your dexterity (-3).
   It insulates you from electricity.
   It lets you go berserk.
   It makes you more stealthy.
   It has a curse placed upon it.
 G - the +5 quarterstaff "Sybeosh" {pain, rC+ Str+3, unknown}
   (You found it on level 8 of the Dungeon)

   In the hands of one skilled in necromantic magic, it inflicts extra damage on
   living creatures.
   It affects your strength (+3).
   It protects you from cold.
Missiles
 A - 42 stones (quivered)
 F - a throwing net
Armour
 b - a +0 scale mail (worn)
 c - a +0 shield (worn)
 l - a +0 pair of gloves (worn)
 s - a +0 helmet (worn)
 C - a +0 pair of gloves
Jewellery
 d - an uncursed ring of wizardry
 q - a +5 ring of evasion (left hand)
 y - a ring of poison resistance (right hand)
Wands
 h - a wand of iceblast (8)
 D - a wand of paralysis (7)
 E - a wand of flame (23)
Scrolls
 e - a scroll of fear
 i - 7 scrolls of teleportation
 o - a scroll of immolation
 u - a scroll of blinking
 v - a scroll of amnesia
 x - a scroll of remove curse
 z - 2 scrolls of noise {unknown}
 B - 2 scrolls of identify
Potions
 g - a potion of flight {unknown}
 j - 4 potions of curing
 k - a potion of lignification {unknown}
 m - 2 potions of magic
 n - a potion of mutation {unknown}
 p - 5 potions of heal wounds
 r - 3 potions of haste
 t - a potion of ambrosia {unknown}
Comestibles
 f - 14 rations


   Skills:
 - Level 6.7 Fighting
 + Level 12.5 Axes
 - Level 3.2 Armour
 * Level 11.1 Shields


You had 9 spell levels left.
You didn't know any spells.
Your spell library was empty.

Dungeon Overview and Level Annotations

Branches:
Dungeon (8/15)             Temple (0/1) D:7
   Lair: D:8-11

Altars:
Fedhas
Kikubaaqudgha
Okawaru
Uskayaw
Yredelemnul


Message History

The killer bee zombie barely misses you.
You block the two-headed ogre's attack.
The two-headed ogre hits you with a +0 giant club!
Something hits your orc.
Your orc barely misses the killer bee zombie.
You block the worker ant's attack. You block the hippogriff's attack.
The hippogriff pecks you but does no damage.
The hippogriff claws you but does no damage.
You hit the two-headed ogre.
The two-headed ogre is severely wounded.
You slash the killer bee zombie! You hit the worker ant.
You barely miss the hippogriff. The killer bee zombie hits you.
You block the worker ant's attack. Something hits your orc.
The hippogriff bites you. The hippogriff pecks you. The hippogriff claws you!
* * * LOW HITPOINT WARNING * * *
You block the killer bee zombie's attack.
The two-headed ogre hits you with a +0 giant club!!
* * * LOW HITPOINT WARNING * * *
The two-headed ogre hits you with a +0 giant club!
You die...

.... ..# ... # .o# #
.####.#.#o#
......#.#.#
......HOZ.#
......#@# ......#a#
#............=#
#..........##.##
#..........##..##
#.........# #...#
##.......## #†#.#
####.........# #.#.#
.............###.#..


You could see a two-headed ogre, a hippogriff, a worker ant, an orc, a killer
bee zombie and a friendly orc.

Vanquished Creatures
  Psyche (D:8)
  A hippogriff (D:7)
  A water moccasin (D:6)
  An orc warrior (D:7)
  2 ice beasts
  3 sky beasts
  A black bear (D:6)
  7 ogres
  3 centaurs
  2 bullfrogs
  4 scorpions
  12 wights (D:7)
  4 crimson imps
  A bullfrog zombie (D:4)
  2 hounds
  3 orc priests
  A centaur skeleton (D:7)
  7 iguanas
  6 orc wizards
  9 worker ants
  A worker ant zombie (D:7)
  Robin (D:3)
  4 gnolls
  13 adders
  3 shadow imps
  An ooze (D:2)
  An adder skeleton (D:7)
  6 worms
  5 leopard geckos
  19 orcs
  9 bats
  A bat zombie (D:3)
  6 giant cockroaches
  9 goblins
  9 hobgoblins
  13 jackals
  3 quokkas
  2 ball pythons
  9 frilled lizards
  5 kobolds
  A leopard gecko skeleton (D:4)
  7 rats
  3 rat zombies (D:3)
202 creatures vanquished.

Vanquished Creatures (others)
  5 toadstools (D:1)
5 creatures vanquished.

Grand Total: 207 creatures vanquished

Notes
Turn   | Place    | Note
-------+----------+-------------------------------------------
     0 | D:1      | Mrkan the Hill Orc Fighter began the quest for the Orb.
     0 | D:1      | Reached XP level 1. HP: 19/19 MP: 1/1
    63 | D:1      | Reached skill level 3 in Axes
    98 | D:1      | Reached XP level 2. HP: 25/27 MP: 2/2
   246 | D:1      | Reached skill level 4 in Axes
   395 | D:1      | Reached XP level 3. HP: 33/33 MP: 3/3
   738 | D:2      | Reached XP level 4. HP: 22/41 MP: 4/4
   744 | D:2      | Reached skill level 5 in Axes
  1322 | D:2      | Reached XP level 5. HP: 47/47 MP: 5/5
  1629 | D:3      | Noticed Robin
  1640 | D:3      | Reached skill level 6 in Axes
  1644 | D:3      | Killed Robin
  1644 | D:3      | Reached skill level 5 in Fighting
  1974 | D:3      | You fall through a shaft!
  2103 | D:3      | Found an ancient bone altar of Kikubaaqudgha.
  2185 | D:3      | Reached XP level 6. HP: 52/56 MP: 6/6
  2405 | D:4      | Reached skill level 7 in Axes
  2626 | D:4      | Reached skill level 8 in Axes
  2626 | D:4      | Reached XP level 7. HP: 48/63 MP: 7/7
  2698 | D:4      | Reached skill level 9 in Axes
  3074 | D:4      | Became a worshipper of Beogh the Brigand
  3149 | D:5      | Entered Level 5 of the Dungeon
  3314 | D:5      | Reached XP level 8. HP: 37/71 MP: 8/8
  3394 | D:5      | Found an iron altar of Okawaru.
  3448 | D:5      | Reached skill level 5 in Shields
  3540 | D:5      | Reached skill level 10 in Axes
  3673 | D:5      | Got a warped mace
  3674 | D:5      | Identified the cursed +1 mace "Ucybb" {elec, +Rage rElec
                  | Str+3 Dex-3 Stlth+} (You found it on level 5 of the
                  | Dungeon)
  4102 | D:6      | Reached * piety under Beogh
  4257 | D:6      | Reached XP level 9. HP: 66/78 MP: 9/9
  4546 | D:6      | Reached skill level 11 in Axes
  4808 | D:7      | Found a staircase to the Ecumenical Temple.
  5096 | D:7      | Reached ** piety under Beogh
  5204 | D:7      | Reached skill level 10 in Shields
  5350 | D:7      | Reached skill level 12 in Axes
  5468 | D:7      | Reached XP level 10. HP: 79/84 MP: 10/10
  5529 | D:7      | Found a hide-covered altar of Uskayaw.
  5529 | D:7      | Found a blossoming altar of Fedhas.
  5529 | D:7      | Found a basalt altar of Yredelemnul.
  5692 | D:8      | Noticed Psyche
  5704 | D:8      | Paralysed by something for 2 turns
  5709 | D:8      | Killed Psyche
  6190 | D:8      | Got a brightly glowing quarterstaff
  6224 | D:8      | Noticed a two-headed ogre
  6228 | D:8      | Reached *** piety under Beogh
  6235 | D:8      | HP: 2/84 [two-headed ogre/+0 giant club (18)]
  6235 | D:8      | Mangled by a two-headed ogre

Skill      XL: |  1  2  3  4  5  6  7  8  9 10 |
---------------+-------------------------------+-----
Axes           | 3 4 5 6 8 9 10 12 | 12.5
Fighting       | 4 5 6 |  6.7
Shields        | 4 7 10 11 | 11.1
Armour         | |  3.2

Action                   |  1- 3 |  4- 6 |  7- 9 | 10-12 || total
-------------------------+-------+-------+-------+-------++-------
Melee: War axe           |    98 |   209 |   305 |   101 ||   713
Throw: Stone             |       |       |    13 |       ||    13
Invok: Convert to Beogh  |       |       |     1 |       ||     1
       Smiting           |       |       |       |     1 ||     1
  Use: Scroll            |       |     9 |     5 |       ||    14
       Potion            |       |     1 |       |       ||     1
  Eat: Chunk             |       |     5 |     7 |       ||    12
       Ration            |       |       |     1 |     1 ||     2
Armor: Scale mail        |    75 |    85 |    75 |    26 ||   261
Dodge: Dodged            |    32 |    97 |   129 |    44 ||   302
Block: Shield            |    57 |   118 |   147 |    62 ||   384
